 Dungeon Crawl Stone Soup version 0.28-a0-674-gdaf460b524 (console) character file.

Game seed: 16801989302130759010

422 jejorda2 the Spear-Bearer (level 6, -4/76 HPs)
             Began as a Merfolk Berserker on Oct 17, 2021.
             Was a Believer of Trog.
             Slain by a gnoll (7 damage)
             ... on level 4 of the Dungeon.
             The game lasted 00:05:44 (3029 turns).

jejorda2 the Spear-Bearer (Merfolk Berserker)       Turns: 3029, Time: 00:05:46

Health: -4/76      AC:  6    Str: 19    XL:     6   Next: 95%
Magic:  6/6        EV: 10    Int:  7    God:    Trog [**....]
Gold:   175        SH:  0    Dex: 13    Spells: 5/5 levels left

rFire   . . .      SeeInvis .   a - +0 spear
rCold   . . .      Faith    .   (no shield)
rNeg    . . .      Spirit   .   j - +0 scale mail
rPois   .          Reflect  .   (no helmet)
rElec   .          Harm     .   (no cloak)
rCorr   .          Rampage  .   (no gloves)
Will    .....                   (no boots)
Stlth   ..........              (no amulet)
HPRegen 0.22/turn               (no ring)
MPRegen 0.10/turn               (no ring)

@: berserking (expiring), lethally poisoned (-4 -> -11), very quick
A: (nimble swimmer 2), mertail
a: Renounce Religion, Berserk, Trog's Hand


You were on level 4 of the Dungeon.
You worshipped Trog.
Trog was pleased with you.
You visited 1 branch of the dungeon, and saw 4 of its levels.

You collected 175 gold pieces.

Inventory:

Hand Weapons
 a - a +0 spear (weapon)
Armour
 j - a +0 scale mail (worn)
Wands
 e - a wand of polymorph (5)
 l - a wand of iceblast (9)
Scrolls
 d - 2 scrolls of teleportation {unknown}
 f - a scroll of fog {unknown}
 g - a scroll of identify {unknown}
 h - 2 scrolls of amnesia {unknown}
 i - a scroll of enchant armour {unknown}
 k - 2 scrolls of brand weapon {unknown}
Potions
 b - 2 potions of invisibility {unknown}
 c - 3 potions of curing {unknown}
 m - a potion of mutation {unknown}


   Skills:
 + Level 5.0 Fighting
 * Level 8.3 Polearms
 + Level 2.9 Armour
 - Level 2.6 Dodging


You had 5 spell levels left.
You didn't know any spells.
Your spell library was empty.

Dungeon Overview and Level Annotations

Branches:
Dungeon (4/15)
 Temple: D:4-7

Altars:
Fedhas
Makhleb
Nemelex Xobeh

Annotations:
D:4 1 runed translucent door, Atlas's ghost, amateur DgFE


Innate Abilities, Weirdness & Mutations

((You are quick and stealthy near water. (Stealth+, EV+, Speed+++)))
Your lower body shifts to a powerful aquatic tail in water.


Message History

The gnoll shaman closely misses you.
A gnoll comes into view. It is wielding a +0 halberd.
The scorpion barely misses you.
You hit the gnoll shaman.
The gnoll shaman is almost dead.
The gnoll hits you from afar with a +0 spear.
* * * LOW HITPOINT WARNING * * *
You closely miss the gnoll shaman.
The gnoll shaman is almost dead.
The scorpion barely misses you.
You hit the gnoll shaman.
The gnoll shaman is almost dead.
The gnoll hits you from afar with a +0 spear.
* * * LOW HITPOINT WARNING * * *
You puncture the gnoll shaman!
You kill the gnoll shaman!
Trog accepts your kill. The scorpion barely misses you.
The gnoll barely misses you.
The gnoll hits you from afar with a +0 spear.
* * * LOW HITPOINT WARNING * * *
Your Fighting skill increases to level 5!
You puncture the scorpion!
The scorpion is heavily wounded.
You hit the scorpion but do no damage.
The scorpion is heavily wounded.
The gnoll hits you from afar with a +0 spear.
* * * LOW HITPOINT WARNING * * *
The scorpion stings you.
* * * LOW HITPOINT WARNING * * *
You are lethally poisoned!
The scorpion poisons you!
The gnoll hits you from afar with a +0 spear.
* * * LOW HITPOINT WARNING * * *
You puncture the scorpion!
You kill the scorpion!
Trog accepts your kill.
* * * LOW HITPOINT WARNING * * *
You feel sick.
The gnoll hits you from afar with a +0 spear!
You die...

##............# #.
#.............# ###.
#...######..###
...###...#### #..#
............###..#####
#.........##........
#####.........##........
....Bg†)......##........
.....g.@..........>.....
....gg####....##########
..... #PW#...†...# ....
#8[+........# ...
#P.#...#.#..# ..
######.#.#.... . #.#.#
.### #.#.. # #.###


You could see 4 gnolls and a giant cockroach.

Vanquished Creatures
  Sigmund (D:3)
  2 scorpions (D:4)
  A gnoll shaman (D:4)
  Jessica (D:2)
  Ijyb (D:3)
  Natasha (thrice) (D:2)
  3 orcs (D:3)
  4 ball pythons
  3 endoplasms
  3 giant cockroaches (D:3)
  7 goblins
  2 hobgoblins (D:2)
  4 jackals (D:3)
  7 kobolds
  6 quokkas
  6 bats
  4 frilled lizards
  4 rats
62 creatures vanquished.

Vanquished Creatures (others)
  3 fungi (D:2)
  13 plants
16 creatures vanquished.

Grand Total: 78 creatures vanquished

Notes
Turn   | Place    | Note
-------+----------+-------------------------------------------
     0 | D:1      | jejorda2 the Merfolk Berserker began the quest for the Orb.
     0 | D:1      | Reached XP level 1. HP: 18/18 MP: 1/1
   257 | D:1      | Reached XP level 2. HP: 24/24 MP: 2/2
   410 | D:1      | Reached skill level 5 in Polearms
   838 | D:2      | Noticed Natasha
   853 | D:2      | Killed Natasha
   854 | D:2      | Reached XP level 3. HP: 7/30 MP: 3/3
  1156 | D:2      | Noticed Jessica
  1159 | D:2      | Killed Jessica
  1160 | D:2      | Reached skill level 6 in Polearms
  1160 | D:2      | Reached XP level 4. HP: 37/37 MP: 4/4
  1216 | D:2      | Reached ** piety under Trog
  1347 | D:2      | Noticed Natasha
  1368 | D:2      | Killed Natasha
  1495 | D:2      | Found a faded altar of an unknown god.
  1583 | D:2      | Noticed Natasha
  1596 | D:2      | Killed Natasha
  1597 | D:2      | Reached XP level 5. HP: 42/42 MP: 5/5
  1853 | D:3      | Found a burning altar of Makhleb.
  1939 | D:3      | Found a blossoming altar of Fedhas.
  2350 | D:3      | Noticed Sigmund
  2378 | D:3      | Killed Sigmund
  2379 | D:3      | Reached skill level 7 in Polearms
  2379 | D:3      | Reached XP level 6. HP: 46/49 MP: 6/6
  2484 | D:3      | Found a sparkling altar of Nemelex Xobeh.
  2501 | D:3      | Noticed Ijyb
  2511 | D:3      | Killed Ijyb
  2972 | D:4      | Found a runed translucent door.
  2973 | D:4      | Noticed Atlas's ghost (amateur DgFE)
  2982 | D:4      | Reached skill level 8 in Polearms
  3027 | D:4      | Reached skill level 5 in Fighting
  3029 | D:4      | HP: 3/76 [poisoned by a scorpion]
  3029 | D:4      | Slain by a gnoll

Illustrated notes

Levels and vault maps discovered:
D:1:      tarquinn_simple_flora_water_f, layout_loops_ring, serial_bayou_ford_a,
          chequers_mini_garden
D:2:      layout_rooms, shapermc_ecumenical_altar_mp_urbaneastern, serial_glass,
          glass_columns_c, glass_columns_c, uniq_natasha, uniq_jessica
D:3:      mumra_celtic_spiral_tile, layout_basic, overflow_temple_1_default,
          fedhas_altar_fruit_tree, mainiacjoe_overflow_24_doors, moated_statue,
          uniq_sigmund, uniq_ijyb
D:4:      layout_basic, gammafunk_ghost_grave, skrybe_limestone_x,
          kennysheep_small_circle

Skill      XL: |  1  2  3  4  5  6 |
---------------+-------------------+-----
Polearms       | 5 6 7 8 |  8.3
Armour         | 2 |  2.9
Fighting       | 4 5 |  5.0
Dodging        | |  2.6

Action                   |  1- 3 |  4- 6 || total
-------------------------+-------+-------++-------
Melee: Spear             |    57 |   183 ||   240
Invok: Berserk           |     1 |     5 ||     6
       Trog's Hand       |       |     2 ||     2
Armor: Ring mail         |     7 |     5 ||    12
       Scale mail        |       |    39 ||    39
Dodge: Dodged            |    19 |    54 ||    73

Table legend: (Time is in decaauts)
 A = Elapsed time spent in this place.
 B = Non-inter-level travel time spent in this place.
 C = Inter-level travel time spent in this place.
 D = Time resting spent in this place.
 E = Time spent auto-exploring this place.
 F = Levels seen in this place.
 G = Mean time per level.
                   A        B        C        D        E       F      G
               +--------+--------+--------+--------+--------+-----+--------+
         Total |   3020 |   2890 |    130 |    195 |   2230 |   4 |  755.0 |
       Dungeon |   3020 |   2890 |    130 |    195 |   2230 |   4 |  755.0 |
               +--------+--------+--------+--------+--------+-----+--------+

Top non-repeatable levels by time:
     D:3: 1150 daAuts
     D:1: 1054 daAuts
     D:2: 726 daAuts
     D:4: 89 daAuts
